 Dungeon Crawl Stone Soup version 0.31-a0-818-ge7c7cf74f0 (webtiles) character file.

Game seed: 4642889842977208582

6 Kurtz the Shield-Bearer (level 1, 0/16 HPs)
             Began as an Octopode Fighter on Sept 23, 2023.
             Slain by an endoplasm (1 damage)
             ... on level 1 of the Dungeon.
             The game lasted 00:00:06 (50 turns).

Kurtz the Shield-Bearer (Octopode Fighter)            Turns: 50, Time: 00:00:07

Health: 0/16       AC:  1    Str: 15    XL:     1   Next: 90%
Magic:  1/1        EV: 13    Int: 10    God:
Gold:   7          SH:  4    Dex: 11    Spells: 0/0 levels left

rFire   . . .        a - +0 war axe
rCold   . . .        b - +0 buckler
rNeg    . . .        (helmet restricted)
rPois   .            (no amulet)
rElec   .            (no ring)
rCorr   .            (no ring)
SInv    .            (no ring)
Will    .....        (no ring)
Stlth   ++           (no ring)
HPRegen 0.22/turn    (no ring)
MPRegen 0.07/turn    (no ring)
                     (no ring)

%: no passive effects
@: no status effects
A: almost no armour, amphibious, 8 rings, camouflage 1, gelatinous body 1,
(nimble swimmer 1), tentacles
a: no special abilities


You were on level 1 of the Dungeon.
You visited 1 branch of the dungeon, and saw 1 of its levels.

You collected 7 gold pieces.

Inventory:

Hand Weapons
 a - a +0 war axe (weapon)
Armour
 b - a +0 buckler (worn)
Scrolls
 d - a scroll of vulnerability {unknown}
 e - a scroll of fog {unknown}
 f - a scroll of immolation {unknown}
Potions
 c - a potion of might


   Skills:
 - Level 3.0 Fighting
 * Level 2.6 Axes
 - Level 3.0 Dodging
 - Level 3.0 Shields


You couldn't memorise any spells.
You didn't know any spells.
Your spell library was empty.

Dungeon Overview and Level Annotations

Branches:
Dungeon (1/15)

Altars:


Innate Abilities, Weirdness & Mutations

You cannot wear most types of armour.
You are amphibious.
You can wear up to eight rings at the same time.
Your skin changes colour to match your surroundings (Stealth+).
Your rubbery body absorbs attacks. (AC +1, EV +1)
((You are camouflaged when in or above water. (Stealth+)))
You have tentacles for arms and can constrict up to eight enemies at once.


Message History

The endoplasm freezes you.
You are frozen.
The frilled lizard closely misses you.
You miss the jackal. You grab the jackal.
The jackal is almost dead.
You hit the endoplasm.
You kill the endoplasm!
You closely miss the frilled lizard. You constrict the jackal.
You kill the jackal!
The frilled lizard misses you. The jackal barely misses you.
You hit the jackal but do no damage. You grab the jackal.
You squeeze the jackal.
You kill the jackal!
You barely miss the frilled lizard. The frilled lizard misses you.
The ball python barely misses you. The ball python grabs you.
The ball python constricts you. The endoplasm hits you.
The frilled lizard bites you.
You hit the ball python.
You kill the ball python!
You hit the endoplasm but do no damage. You hit the frilled lizard.
You kill the frilled lizard!
The endoplasm freezes you.
You are frozen.
Unknown command.
You are too injured to fight recklessly!
You are too injured to fight recklessly!
Unknown command.
You are too injured to fight recklessly!
You are too injured to fight recklessly!
Unknown command.
You are too injured to fight recklessly!
You hit the endoplasm.
The endoplasm is lightly wounded.
You hit the endoplasm but do no damage. The endoplasm freezes you.
You are frozen.
The endoplasm hits you.
* * * LOW HITPOINT WARNING * * *
The endoplasm hits you.
* * * LOW HITPOINT WARNING * * *
The endoplasm hits you.
You die...

########## .
......########## #
#................. #.
.#............... ..##
................ . ..#
#...............
....##J##...............
......J@................
......†#..........(.....
.......###.###..........
....... #.........###..
....... ##..##'''## ##.
........ ##.#.....#.##.
.........###.#..<..#.# .
.?...........#.....#.# .
....##..#.....#.#


You could see 2 endoplasms.

Vanquished Creatures
  A ball python (D:1)
  An endoplasm (D:1)
  2 jackals (D:1)
  A frilled lizard (D:1)
5 creatures vanquished.

Notes
Turn   | Place    | Note
-------+----------+-------------------------------------------
     0 | D:1      | Kurtz the Octopode Fighter began the quest for the Orb.
     0 | D:1      | Reached XP level 1. HP: 16/16 MP: 1/1
    50 | D:1      | Slain by an endoplasm

Illustrated notes

Levels and vault maps discovered:
D:1:      dpeg_arrival_windows_large_door, layout_basic,
          hellmonk_ecumenical_altar_dog_temple, serial_park_tiny_pond,
          minmay_misc_feat_square

Action                     || total
---------------------------++-------
  Melee: War axe           ||     7
         Constrict         ||     2
         Punch             ||     1
         Tentacles         ||     1
 Armour: Skin              ||     6
  Dodge: Dodged            ||    11
  Block: Buckler           ||     2

Table legend: (Time is in decaauts)
 A = Elapsed time spent in this place.
 B = Non-inter-level travel time spent in this place.
 C = Inter-level travel time spent in this place.
 D = Time resting spent in this place.
 E = Time spent auto-exploring this place.
 F = Levels seen in this place.
 G = Mean time per level.
                   A        B        C        D        E       F      G
               +--------+--------+--------+--------+--------+-----+--------+
         Total |     52 |     52 |      0 |      0 |     38 |   1 |   52.0 |
       Dungeon |     52 |     52 |      0 |      0 |     38 |   1 |   52.0 |
               +--------+--------+--------+--------+--------+-----+--------+

Top non-repeatable levels by time:
     D:1: 52 daAuts
